 Dungeon Crawl Stone Soup version 0.26.1-11-gd32895ea62 (webtiles) character file.

Game seed: 6676705550386341349

964 Bliebski the Insei (level 8, -2/81 HPs)
             Began as an Octopode Transmuter on Apr 26, 2021.
             Splashed by a jelly's acid (3 damage)
             ... on level 5 of the Dungeon.
             The game lasted 00:28:54 (7884 turns).

Bliebski the Insei (Octopode Transmuter)            Turns: 7884, Time: 00:28:55

Health: -2/81      AC: 12    Str:  8    XL:     8   Next: 15%
Magic:  23/23      EV:  2    Int: 15    God:
Gold:   371        SH:  0    Dex: 14    Spells: 11/15 levels left

rFire    . . .     SeeInvis .     - Unarmed
rCold    . . .     Faith    +   (no shield)
rNeg     + + +     Spirit   .   (helmet currently unavailable)
rPois    +         Reflect  .   x - amulet of faith
rElec    .         Harm     .   a - ring of stealth
rCorr    .         Rampage  .   b - ring of positive energy
Will     .....     NoTele   +   u - ring of magical power
Stlth    ++........             (no ring)
HPRegen  0.23/turn              (no ring)
MPRegen  0.18/turn              (no ring)
                                (no ring)
                                (no ring)

@: tree-form, corroded, studying Dodging
A: almost no armour, stealthy swim, (amphibious), 8 rings, (constrict 8), weak 1
a: no special abilities


You were on level 5 of the Dungeon.
You were a tree.
You visited 1 branch of the dungeon, and saw 5 of its levels.
You also visited: Ossuary.

You collected 371 gold pieces.

Inventory:

Hand Weapons
 f - a +2 spear of venom
 g - a +0 dagger
 i - a +2 whip of draining
Missiles
 k - 25 poisoned darts
 m - 125 stones (quivered)
 p - 19 sling bullets
Jewellery
 a - a ring of stealth (left branch)
 b - a ring of positive energy (right branch)
 u - a ring of magical power (on tentacle)
 x - an amulet of faith (around neck)
Wands
 j - a wand of acid (1)
 v - a wand of disintegration (8)
 y - a wand of flame (12)
Scrolls
 e - 3 scrolls of identify
 h - 3 scrolls of amnesia
 n - a scroll of fear {unknown}
 o - 3 scrolls of teleportation
 q - 3 scrolls of remove curse
 w - 2 scrolls of enchant weapon {unknown}
Potions
 c - 2 potions of degeneration
 l - 3 potions of attraction
 r - 2 potions of flight {unknown}
 s - 2 potions of mutation
 t - a potion of heal wounds {unknown}
 z - 3 potions of curing
Books
 A - a manual of Dodging


   Skills:
 - Level 4.0 Fighting
 + Level 4.5 Dodging
 - Level 5.0 Unarmed Combat
 - Level 4.0 Spellcasting
 - Level 4.4 Transmutations
 - Level 1.4 Evocations


You had 11 spell levels left.
You knew the following spells:

 Your Spells              Type           Power        Failure   Level
a - Beastly Appendage     Tmut           32%          3%          1
b - Spider Form           Tmut/Pois      4%           22%         3

Your spell library contained the following spells:

 Spells                   Type           Power        Failure   Level
 Wereblood                Tmut           16%          4%          2
 Ice Form                 Ice/Tmut       9%           58%         4
 Blade Hands              Tmut           8%           63%         5


Dungeon Overview and Level Annotations

Branches:
Dungeon (5/15)            Ossuary (visited)
 Temple: D:4-7

Altars:
Fedhas
Makhleb
Qazlal
Sif Muna
Trog


Innate Abilities, Weirdness & Mutations

You cannot wear most types of armour.
You are very stealthy in the water. (Stealth+)
((You are amphibious.))
You can wear up to eight rings at the same time.
((You can use your tentacles to constrict eight enemies at once.))
((Your skin changes colour to match your surroundings (Stealth+).))
((Your rubbery body absorbs attacks. (AC +1, EV +1)))
((One of your tentacles bears a spike.))
You are weak. (Str -2)


Message History

The jelly is severely wounded.
The jelly hits you. The acid corrodes you!
You are splashed with acid!
* * * LOW HITPOINT WARNING * * *
You tentacle-slap the jelly but do no damage.
Your tentacles burn!
* * * LOW HITPOINT WARNING * * *
You squeeze the jelly.
The jelly is severely wounded.
The jelly hits you.
* * * LOW HITPOINT WARNING * * *
You are splashed with acid.
* * * LOW HITPOINT WARNING * * *
You turn into a tree.
Your roots penetrate the ground.
The jelly hits you but does no damage.
You hit the jelly but do no damage.
Your branches burn!
* * * LOW HITPOINT WARNING * * *
The jelly is severely wounded.
The jelly hits you but does no damage.
You hit the jelly but do no damage.
Your branches burn!
You die...

####### #######
#.....##########......
#....J+........#......
#....♣#........#......
#.....#........#......
#.......######'#......
############....####..
#...'....# #..
#...#....# #..
##..#....# #..
####....# ### #....#


You could see a jelly.

Vanquished Creatures
  An eye of draining (D:4)
  A centaur (D:5)
  2 elf zombies (Ossuary)
  A scorpion (D:5)
  A howler monkey (D:4)
  A hound (D:5)
  2 orc priests (D:4)
  Ijyb (D:4)
  A human zombie (Ossuary)
  An iguana (D:4)
  2 orc wizards (D:5)
  2 worker ants
  2 big kobold zombies (Ossuary)
  3 hound zombies (Ossuary)
  3 mummies (Ossuary)
  Robin (D:2)
  2 gnolls
  3 adders
  5 adder zombies
  An adder skeleton (D:4)
  3 worms
  A dart slug (D:2)
  A leopard gecko (D:2)
  12 orcs
  A ball python (D:5)
  A giant cockroach (D:1)
  7 hobgoblins
  3 jackals
  3 kobolds
  2 quokkas
  7 bats
  3 frilled lizards
  3 gnoll zombies (Ossuary)
  16 goblins
  3 goblin zombies (Ossuary)
  2 hobgoblin zombies (Ossuary)
  6 jackal zombies (Ossuary)
  6 kobold zombies (Ossuary)
  2 quokka zombies (Ossuary)
  3 rats
121 creatures vanquished.

Notes
Turn   | Place    | Note
-------+----------+-------------------------------------------
     0 | D:1      | Bliebski the Octopode Transmuter began the quest for the
                  | Orb.
     0 | D:1      | Reached XP level 1. HP: 13/13 MP: 3/3
  1025 | D:1      | Reached XP level 2. HP: 18/18 MP: 3/5
  1183 | D:2      | Found a blossoming altar of Fedhas.
  1811 | D:2      | Reached XP level 3. HP: 23/23 MP: 4/6
  2369 | D:2      | Found a stormy altar of Qazlal.
  2512 | D:3      | Noticed Robin
  2869 | D:2      | Killed Robin
  2924 | D:3      | Reached XP level 4. HP: 20/29 MP: 7/7
  3780 | D:4      | Reached XP level 5. HP: 26/34 MP: 7/9
  3823 | D:4      | Found a sand-covered staircase.
  3830 | Ossuary  | Entered an ossuary
  4518 | Ossuary  | Reached XP level 6. HP: 40/41 MP: 10/10
  4532 | Ossuary  | Reached skill level 4 in Unarmed Combat
  5096 | Ossuary  | Reached XP level 7. HP: 29/46 MP: 10/12
  5475 | D:4      | Found a bloodstained altar of Trog.
  5738 | D:3      | Learned a level 3 spell: Spider Form
  5783 | D:4      | Noticed Ijyb
  5795 | D:4      | Killed Ijyb
  6697 | D:4      | Found a burning altar of Makhleb.
  6842 | D:5      | Entered Level 5 of the Dungeon
  7105 | D:4      | Gained mutation: You are weak. (Str -2) [potion of
                  | mutation]
  7105 | D:4      | Gained mutation: One of your tentacles bears a spike.
                  | [potion of mutation]
  7452 | D:5      | Reached skill level 1 in Evocations
  7456 | D:5      | Reached XP level 8. HP: 50/54 MP: 13/13
  7620 | D:5      | Reached skill level 5 in Unarmed Combat
  7756 | D:5      | Found a shimmering blue altar of Sif Muna.
  7881 | D:5      | HP: 2/54 [acid (6)]
  7884 | D:5      | Splashed by a jelly's acid

Illustrated notes

Levels and vault maps discovered:
D:1:      ncdulo_smallfort, layout_basic
D:2:      minmay_chambers_of_ones, layout_rooms, fedhas_altar_3,
          general_overflow_altar, minmay_misc_feat_x
D:3:      layout_loops_ring, uniq_robin
D:4:      layout_cave_pools, lightli_temple_of_fire, trog_eyes_of_draining,
          chequers_ossuary_entry_cave, serial_co_window_serial,
          co_window_corner_a, co_window_corner_a, co_window_corner_a,
          co_window_paths_a, co_window_corner_a, co_window_paths_a,
          co_window_corner_cb, co_window_2corner, co_window_broadway_a,
          co_window_corner_cb, co_window_corner_cb, co_window_cross_2,
          glass_columns_c, glass_columns_a, glass_columns_a, glass_columns_b,
          eino_tiny_chamber, serial_bayou_pond_d, uniq_ijyb
D:5:      layout_gridville, nicolae_overflow_crystal_walls, minmay_manual_mess

Skill      XL: |  1  2  3  4  5  6  7  8 |
---------------+-------------------------+-----
Fighting       | 2 3 4 |  4.0
Dodging        | 3 4 |  4.5
Transmutations | 3 4 |  4.4
Spellcasting   | 3 4 |  4.0
Unarmed Combat | 4 5 |  5.0
Evocations     | 1 |  1.4

Action                   |  1- 3 |  4- 6 |  7- 9 || total
-------------------------+-------+-------+-------++-------
Melee: Unarmed           |    54 |   103 |   105 ||   262
       Constrict         |    24 |    46 |    16 ||    86
       Tentacles         |    14 |    30 |    11 ||    55
       Kick              |    11 |    27 |    11 ||    49
       Punch             |     1 |     3 |     4 ||     8
       Spear             |    25 |    62 |    16 ||   103
Throw: Stone             |       |     3 |     3 ||     6
 Cast: Beastly Appendage |    23 |    15 |     5 ||    43
       Spider Form       |       |       |    11 ||    11
Evoke: Wand              |       |     3 |     1 ||     4
  Use: Scroll            |     5 |     2 |     2 ||     9
       Potion            |       |       |     2 ||     2
 Stab: Sleeping          |     2 |     4 |     4 ||    10
       Distracted        |       |     1 |     1 ||     2
Armor: Skin              |    10 |    12 |     7 ||    29
Dodge: Dodged            |    63 |    93 |    82 ||   238
